 Dungeon Crawl Stone Soup version 0.23.2-1-ga50397a (webtiles) character file.

Game seed: 1103631162753516384

3592 DrKleor the Grappler (level 9, -10/75 HPs)
             Began as a Demonspawn Gladiator on May 30, 2019.
             Was a Believer of Qazlal.
             Killed from afar by an orc sorcerer (33 damage)
             ... with a bolt of negative energy
             ... while paralysed by an orc sorcerer
             ... in a bailey.
             The game lasted 00:25:26 (8212 turns).

DrKleor the Grappler (Demonspawn Gladiator)         Turns: 8212, Time: 00:25:27

Health: -10/75     AC: 12    Str: 22    XL:     9   Next: 85%
Magic:  14/14      EV:  2    Int: 11    God:    Qazlal [**....]
Gold:   344        SH:  0    Dex: 16    Spells: 8/8 levels left

rFire    + + .     SeeInvis .     - Unarmed
rCold    . . .     Gourm    .   (no shield)
rNeg     . . .     Faith    .   D - +1 ring mail {rF+}
rPois    .         Spirit   .   b - +1 helmet
rElec    .         Reflect  .   C - +0 cloak
rCorr    .         Harm     .   (no gloves)
MR       .....                  y - +1 pair of boots of the Beginning {rF+ Str+5}
Stlth    +.........             (no amulet)
HPRegen  0.22/turn              (no ring)
MPRegen  0.14/turn              f - +1 ring of protection

@: paralysed, heavily drained
A: claws 2, thin skeletal structure 1, spiny 1
a: Upheaval, Renounce Religion


You were in a bailey.
You worshipped Qazlal.
Qazlal was pleased with you.
You were not hungry.

You visited 2 branches of the dungeon, and saw 9 of its levels.
You also visited: Sewer and Bailey.

You collected 344 gold pieces.

Inventory:

Missiles
 c - 7 throwing nets (quivered)
Armour
 b - a +1 helmet (worn)
 y - the +1 pair of boots of the Beginning (worn) {rF+ Str+5}
   (You found it on level 5 of the Dungeon)

   It affects your strength (+5).
   It protects you from fire.
 C - a +0 cloak (worn)
 D - a +1 ring mail of fire resistance (worn)
Jewellery
 f - a +1 ring of protection (right claw)
 k - an uncursed ring of fire
Wands
 l - a wand of paralysis (9)
 v - a wand of iceblast (8)
 A - a wand of polymorph (7)
Scrolls
 g - 3 scrolls of enchant armour
 h - 2 scrolls of blinking
 j - a scroll of identify
 m - 4 scrolls of remove curse
 n - a scroll of enchant weapon {unknown}
 r - 4 scrolls of teleportation
 s - 2 scrolls of fog {unknown}
 t - 2 scrolls of fear {unknown}
 u - 3 scrolls of amnesia {unknown}
 w - a scroll of immolation {unknown}
 B - a scroll of magic mapping {unknown}
Potions
 e - a potion of brilliance {unknown}
 i - 4 potions of curing
 o - 2 potions of magic
 p - a potion of resistance {unknown}
 q - a potion of might {unknown}
 x - 2 potions of heal wounds
 z - a potion of haste {unknown}
Comestibles
 a - 4 chunks of flesh
 d - 13 rations


   Skills:
 + Level 8.4(7.0) Fighting
 - Level 1.7(0.5) Throwing
 - Level 2.6(1.4) Dodging
 * Level 9.6(8.1) Unarmed Combat
 + Level 7.3(5.9) Invocations


You had 8 spell levels left.
You didn't know any spells.
Your spell library contained the following spells:

 Spells                   Type           Power        Failure   Level  Hunger
 Corona                   Hex            #......      50%         1    ##.....
 Ensorcelled Hibernation  Hex/Ice        #.....       65%         2    ###....
 Confuse                  Hex            #.......     86%         3    ####...
 Dazzling Spray           Conj/Hex       #.....       86%         3    ####...
 Tukima's Dance           Hex            #.......     86%         3    ####...


Dungeon Overview and Level Annotations

Branches:
Dungeon (8/15)             Temple (1/1) D:6
   Lair: D:8-11

Altars:
Ashenzari
Cheibriados
Dithmenos
Elyvilon
Fedhas
Kikubaaqudgha
Makhleb
Nemelex Xobeh
Qazlal
Sif Muna
Trog
Wu Jian
Xom
Yredelemnul
Zin
The Shining One

Shops:
D:5 :((%


Innate Abilities, Weirdness & Mutations

You have very sharp fingernails.
You have a somewhat thin skeletal structure. (Dex +2, Stealth)
You are partially covered in sharp spines.


Message History

You closely miss the orc sorcerer. You claw the orc sorcerer!
The orc sorcerer is moderately wounded.
A goblin comes into view. It is wielding a +0 war axe.
The orc sorcerer gestures at you while chanting.
You resist with significant effort.
You barely miss the orc sorcerer.
The orc sorcerer is moderately wounded.
The goblin shouts!
You hear a shout!
An orc comes into view. It is wielding a +0 war axe.
You closely miss the orc sorcerer.
The orc sorcerer is moderately wounded.
The orc shouts!
The orc sorcerer gestures at you while chanting.
You suddenly lose the ability to move!
The orc sorcerer points at you and mumbles some strange words.
The bolt of negative energy hits you!!
You feel drained.
A kobold demonologist comes into view. It is wielding a +0 war axe.
The orc sorcerer casts a spell at you. The bolt of negative energy hits you!!
You feel drained.
You die...

##### #.[.# ###@).###
#.°o)...# #...∩...#
#..g....# #...g...#
########..o....#####
≈≈≈≈≈≈≈.........≈≈≈≈≈
≈≈≈≈≈≈≈≈≈≈.K.≈≈≈≈≈≈≈≈
≈≈≈≈≈≈≈≈≈≈...≈≈≈≈≈≈≈≈


You could see a kobold demonologist, an orc sorcerer, an orc, a hobgoblin and a
goblin.

Vanquished Creatures
  Harold (D:7)
  A hippogriff (D:7)
  Sigmund (D:6)
  Menkaure (D:6)
  Edmund (D:4)
  A black bear (D:7)
  4 orc warriors
  2 sky beasts
  An ogre (D:5)
  2 centaurs
  4 bullfrogs
  A scorpion (D:7)
  4 killer bees (D:7)
  A howler monkey (D:6)
  An electric eel (Bailey)
  2 crimson imps
  A bullfrog zombie (D:6)
  A hound (D:4)
  A jelly (D:7)
  3 orc priests
  5 orc wizards
  An iguana (D:6)
  3 worker ants
  A hound skeleton (D:7)
  8 gnolls
  A howler monkey skeleton (D:7)
  12 adders
  2 river rats
  3 shadow imps
  An ooze (D:3)
  An adder zombie (D:6)
  An adder skeleton (D:6)
  4 worms
  2 dart slugs (D:1)
  2 leopard geckos
  24 orcs
  5 ball pythons
  6 giant cockroaches
  3 hobgoblins
  9 jackals
  A quokka (D:6)
  7 bats
  7 frilled lizards
  6 goblins
  A jackal skeleton (D:4)
  7 kobolds
  10 rats
167 creatures vanquished.

Notes
Turn   | Place    | Note
-------+----------+-------------------------------------------
     0 | D:1      | DrKleor the Demonspawn Gladiator began the quest for the
                  | Orb.
     0 | D:1      | Reached XP level 1. HP: 16/16 MP: 1/1
   175 | D:1      | Reached skill level 3 in Unarmed Combat
   178 | D:1      | Gained mutation: You have sharp fingernails. [demonic
                  | ancestry]
   178 | D:1      | Reached XP level 2. HP: 14/23 MP: 2/2
   871 | D:2      | Reached XP level 3. HP: 21/28 MP: 3/3
  1270 | D:2      | Reached XP level 4. HP: 17/35 MP: 4/4
  1725 | D:3      | Found a basalt altar of Yredelemnul.
  1784 | D:3      | Found a glowing drain.
  1795 | D:3      | Reached skill level 4 in Unarmed Combat
  1960 | Sewer    | Entered a sewer
  2145 | Sewer    | Gained mutation: You are partially covered in sharp spines.
                  | [demonic ancestry]
  2145 | Sewer    | Reached XP level 5. HP: 9/42 MP: 5/5
  3167 | D:3      | Gained mutation: You have a somewhat thin skeletal
                  | structure. (Dex +2, Stealth) [demonic ancestry]
  3167 | D:3      | Reached XP level 6. HP: 29/49 MP: 6/6
  3810 | D:4      | Noticed Edmund
  4208 | D:4      | Killed Edmund
  4208 | D:4      | Reached skill level 5 in Fighting
  4208 | D:4      | Reached skill level 5 in Unarmed Combat
  4683 | D:5      | Entered Level 5 of the Dungeon
  4709 | D:5      | Found Lisse's Weapon Emporium.
  4736 | D:5      | Gained mutation: You have very sharp fingernails. [demonic
                  | ancestry]
  4736 | D:5      | Reached XP level 7. HP: 53/57 MP: 7/7
  4780 | D:5      | Found Hous's Book Shoppe.
  4929 | D:5      | Got a pair of brightly glowing boots
  4935 | D:5      | Identified the +1 pair of boots of the Beginning {rF+
                  | Str+5} (You found it on level 5 of the Dungeon)
  5149 | D:5      | Found Taceugh's Antique Weapon Boutique.
  5230 | D:5      | Found Vaugisid's Food Boutique.
  5521 | D:6      | Found a staircase to the Ecumenical Temple.
  5529 | Temple   | Entered the Ecumenical Temple
  5557 | Temple   | Became a worshipper of Qazlal Stormbringer
  5611 | D:6      | Reached skill level 6 in Unarmed Combat
  5634 | D:6      | Noticed Sigmund
  5652 | D:6      | Killed Sigmund
  5652 | D:6      | Reached skill level 1 in Invocations
  5803 | D:6      | Reached XP level 8. HP: 46/65 MP: 9/9
  5823 | D:6      | Noticed Menkaure
  5842 | D:6      | Killed Menkaure
  5946 | D:6      | Reached skill level 7 in Unarmed Combat
  6107 | D:6      | Reached * piety under Qazlal
  6357 | D:7      | Noticed a hippogriff
  6374 | D:7      | Killed a hippogriff
  6818 | D:7      | Reached skill level 8 in Unarmed Combat
  6818 | D:7      | Reached skill level 5 in Invocations
  6841 | D:7      | Reached XP level 9. HP: 72/72 MP: 12/12
  6958 | D:7      | Found a sparkling altar of Nemelex Xobeh.
  6974 | D:7      | Noticed Harold
  7003 | D:7      | Killed Harold
  7003 | D:7      | Reached skill level 9 in Unarmed Combat
  7668 | D:8      | Found a flagged portal.
  7683 | D:8      | Reached ** piety under Qazlal
  7690 | Bailey   | Entered a bailey
  8199 | Bailey   | Noticed an orc sorcerer
  8210 | Bailey   | Paralysed by an orc sorcerer for 2 turns
  8211 | Bailey   | Noticed a kobold demonologist
  8212 | Bailey   | Killed from afar by an orc sorcerer

Skill      XL: |  1  2  3  4  5  6  7  8  9 |
---------------+----------------------------+-----
Unarmed Combat | 3 4 5 6 8 9 |  9.6
Fighting       | 3 4 5 6 7 8 |  8.4
Invocations    | 2 5 7 |  7.3
Throwing       | |  1.7
Dodging        | |  2.6

Action                   |  1- 3 |  4- 6 |  7- 9 || total
-------------------------+-------+-------+-------++-------
Melee: Unarmed           |   100 |   206 |   198 ||   504
       Punch             |       |     4 |     9 ||    13
  Use: Scroll            |       |     5 |     3 ||     8
       Potion            |       |       |     1 ||     1
 Stab: Sleeping          |     1 |     1 |       ||     2
  Eat: Chunk             |     1 |    11 |    11 ||    23
Armor: Leather armour    |    25 |    30 |    43 ||    98
       Skin              |       |       |     1 ||     1
       Ring mail         |       |       |     2 ||     2
Dodge: Dodged            |    70 |    94 |    81 ||   245
Block: Other             |       |       |     6 ||     6
